 Dungeon Crawl Stone Soup version 0.31-a0-949-g57150269e1 (webtiles) character file.

Game seed: 13491467914810197605

108 Arex the Trooper (level 4, -1/40 HPs)
             Began as a Ghoul Fighter on Oct 22, 2023.
             Was a Plaything of Xom.
             Slain by Sigmund
             ... wielding a +0 scythe
              (2 damage)
             ... on level 3 of the Dungeon.
             The game lasted 00:03:01 (1948 turns).

Arex the Trooper (Ghoul Fighter)                    Turns: 1948, Time: 00:03:02

Health: -1/40      AC:  9    Str: 19    XL:     4   Next: 87%
Magic:  3/3        EV:  7    Int:  5    God:    Xom [..*...]
Gold:   133        SH:  0    Dex:  8    Spells: 3/3 levels left

rFire   + .          .
                       - Unarmed
rCold   . . .        b - +0 buckler
rNeg    + + +        k - +0 chain mail
rPois   ∞            (no helmet)
rElec   .            (no cloak)
rCorr   .            (no gloves)
SInv    .            (no boots)
Will    .....        (no amulet) Stlth
                     e - ring of fire
HPRegen 0.00/turn    (no ring)
MPRegen 0.08/turn

%: no passive effects
@: confused, mighty, brilliant, inhibited regen
A: claws 1, cold resistance 1, negative energy resistance 3, inhibited
regeneration, torment resistance 2, devour on kill
a: Renounce Religion


You were on level 3 of the Dungeon.
You worshipped Xom.
You were a toy of Xom.
You visited 1 branch of the dungeon, and saw 3 of its levels.

You collected 133 gold pieces.

Inventory:

Armour
 a - a +0 scale mail
 b - a +0 buckler (worn)
 k - a +0 chain mail (worn)
Jewellery
 e - a ring of fire (left claw)
Scrolls
 d - a scroll of poison {unknown}
 h - a scroll of torment {unknown}
 i - a scroll of brand weapon
Potions
 g - a potion of lignification
 j - a potion of degeneration


   Skills:
 + Level 4.1 Fighting
 + Level 3.3 Armour
 + Level 3.4 Shields
 + Level 3.2 Unarmed Combat


You had 3 spell levels left.
You didn't know any spells.
Your spell library contained the following spells:

 Spells                   Type           Power      Damage    Failure   Level
 Stone Arrow              Conj/Erth      0%         3d7       100%        3
 Animate Armour           Summ/Erth      0%         N/A       100%        4
 Haunt                    Necr/Summ      0%         N/A       100%        7
 Lehudib's Crystal Spear  Conj/Erth      0%         10d2      100%        8
 Borgnjor's Revivificati  Necr           Unusable   N/A       N/A         8
 Death's Door             Necr           Unusable   N/A       N/A         9

Dungeon Overview and Level Annotations

Branches:
Dungeon (3/15)

Altars:
Xom

Shops:
D:2 *

Annotations:
D:3 Sigmund


Innate Abilities, Weirdness & Mutations

You are immune to poison.
You have sharp fingernails.
Your flesh is cold resistant. (rC+)
You are immune to negative energy. (rN+++)
You do not regenerate when monsters are visible.
You are immune to unholy pain and torment.
You thrive by killing the living.


Message History

Sigmund flickers and vanishes!
Deactivating autopickup; reactivate with Ctrl-A.
Ijyb closely misses you.
You scratch Ijyb.
Ijyb is heavily wounded.
Something hits you. You block Ijyb's attack.
You closely miss Ijyb.
Ijyb is heavily wounded.
Ijyb zaps a wand.
Your will is overpowered!
You are confused.
Something hits you but does no damage.
You bump into the rock wall.
Ijyb barely misses you.
You bump into the rock wall.
Something hits you. Ijyb hits you with a +0 club.
You bump into the rock wall.
Ijyb completely misses you. Something hits you!
You're too confused to move!
Ijyb screams, "I dance on your bones!"
Ijyb zaps a wand.
Your will is overpowered!
You are more confused.
You barely miss Ijyb.
Ijyb is heavily wounded.
Something hits you.
Ijyb zaps a wand.
You resist with some effort.
You scratch Ijyb.
Ijyb is severely wounded.
Ijyb hits you with a +0 club. Something hits you but does no damage.
You claw Ijyb!
You kill Ijyb!
You feel better.
You bump into the rock wall.
A magic dart appears from out of thin air!
The magic dart hits you!
* * * LOW HITPOINT WARNING * * *
Something hits you!
* * * LOW HITPOINT WARNING * * *
Xom is interested.
Items here: )) / [ †.
You're too confused to move!
Something hits you.
You die... "Boring in life, boring in death..."

... ..#
... ..
#.# ..
#.# .#
#.#..#
#.#.#
#...#
###{.###
#<@....#
##.####.#
#..# .#
#[## #
#.. #.#
.. ...
#...


There were no monsters in sight!

Vanquished Creatures
  Ijyb (D:3)
  A worm (D:2)
  3 dart slugs
  7 endoplasms
  3 giant cockroaches
  7 goblins
  5 hobgoblins
  12 jackals
  2 quokkas
  3 ball pythons
  8 bats
  4 frilled lizards
  8 kobolds
  7 rats
71 creatures vanquished.

Notes
Turn   | Place    | Note
-------+----------+-------------------------------------------
     0 | D:1      | Arex the Ghoul Fighter began the quest for the Orb.
     0 | D:1      | Reached XP level 1. HP: 19/19 MP: 0/0
    85 | D:1      | Reached XP level 2. HP: 26/26 MP: 1/1
   260 | D:1      | Reached XP level 3. HP: 25/31 MP: 2/2
   459 | D:1      | Found a faded altar of an unknown god.
   468 | D:1      | Prayed at the altar of an unknown god.
   468 | D:1      | Became a worshipper of Xom of Malevolent Giggling
   613 | D:1      | XOM: divination: detect creatures
   669 | D:1      | XOM: silly message
   732 | D:1      | XOM: cloud trail
   957 | D:1      | XOM: cloud trail
  1380 | D:2      | Reached XP level 4. HP: 40/40 MP: 3/3
  1558 | D:2      | Identified the +0 sling "Sayph" {speed, rN+}
  1805 | D:2      | Reached skill level 4 in Fighting
  1860 | D:2      | Found Awuan's Assorted Antiques.
  1921 | D:3      | Noticed Sigmund
  1923 | D:3      | XOM: potion effect (brilliance)
  1930 | D:3      | Noticed Ijyb
  1931 | D:3      | XOM: potion effect (heal wounds)
  1945 | D:3      | Killed Ijyb
  1947 | D:3      | HP: 1/40 [something (9)]
  1948 | D:3      | Slain by Sigmund

Illustrated notes

Levels and vault maps discovered:
D:1:      dpeg_arrival_subterranean_lakeside_camping, layout_loops_ring,
          shapermc_ecumenical_altar_totnotflames
D:2:      minmay_razor_zed, layout_basic, serial_shops, shop
D:3:      layout_rooms, mainiacjoe_overflow_chevrons,
          chequers_serial_rivers_micro_b, uniq_ijyb, uniq_sigmund

Skill      XL: |  1  2  3  4 |
---------------+-------------+-----
Armour         | 3 |  3.3
Shields        | 3 |  3.4
Unarmed Combat | 3 |  3.2
Fighting       | 4 |  4.1

Action                     |  1- 3 |  4- 6 || total
---------------------------+-------+-------++-------
  Melee: Unarmed           |   192 |    67 ||   259
    Use: Scroll            |       |     3 ||     3
         Potion            |       |     1 ||     1
 Armour: Scale mail        |   114 |     1 ||   115
         Chain mail        |       |    48 ||    48
  Dodge: Dodged            |    86 |    16 ||   102
  Block: Buckler           |    35 |    18 ||    53

Table legend: (Time is in decaauts)
 A = Elapsed time spent in this place.
 B = Non-inter-level travel time spent in this place.
 C = Inter-level travel time spent in this place.
 D = Time resting spent in this place.
 E = Time spent auto-exploring this place.
 F = Levels seen in this place.
 G = Mean time per level.
                   A        B        C        D        E       F      G
               +--------+--------+--------+--------+--------+-----+--------+
         Total |   1943 |   1867 |     76 |     75 |   1285 |   3 |  647.7 |
       Dungeon |   1943 |   1867 |     76 |     75 |   1285 |   3 |  647.7 |
               +--------+--------+--------+--------+--------+-----+--------+

Top non-repeatable levels by time:
     D:1: 1106 daAuts
     D:2: 808 daAuts
     D:3: 29 daAuts
